 Dungeon Crawl Stone Soup version 0.32-a0-900-g30fb1b0edc (webtiles) character file.

Game seed: 9769176092042582906

2296 EvilWizard678 the Firebug (level 9, -3/63 HPs)
             Began as a Yellow Draconian Fire Elementalist on Apr 5, 2024.
             Was an Initiate of Vehumet.
             Killed from afar by a gargoyle (23 damage)
             ... with a stone arrow
             ... on level 7 of the Dungeon.
             The game lasted 00:33:06 (4933 turns).

EvilWizard678 the Firebug (DrFE)                    Turns: 4933, Time: 00:33:07

Health: -3/63      AC: 11    Str: 10    XL:     9   Next: 17%
Magic:  7/19       EV: 16    Int: 24    God:    Vehumet [......]
Gold:   412        SH:  0    Dex: 14    Spells: 1/22 levels left

rFire   + . .        a - staff of fire
rCold   . . .        (no shield)
rNeg    . . .        (body armour unavailable)
rPois   .            (helmet restricted)
rElec   .            d - +1 cloak
rCorr   +            h - +1 pair of gloves
SInv    .            (no boots)
Will    .....        g - amulet of magic regeneration
Stlth   ++           b - +6 ring of intelligence
HPRegen 0.30/turn    i - +5 ring of evasion
MPRegen 0.56/turn

%: no passive effects
@: on blink cooldown, very slightly contaminated
A: caustic breath, AC +7, unfitting armour, cold-blooded, acid resistance,
stinger 1, subdued magic 1
a: Caustic Breath, Renounce Religion


You were on level 7 of the Dungeon.
You worshipped Vehumet.
Vehumet was noncommittal.
You visited 2 branches of the dungeon, and saw 8 of its levels.

You collected 412 gold pieces.

Inventory:

Hand Weapons
 l - a +1 broad axe
 t - the +5 woodcutter's axe
   (You found it on level 5 of the Dungeon)
Armour
 d - a +1 cloak (worn)
 h - a +1 pair of gloves (worn)
Magical Staves
 a - a staff of fire (weapon)
Jewellery
 b - a +6 ring of intelligence (left hand)
 g - an amulet of magic regeneration (around neck)
 i - a +5 ring of evasion (right hand)
 j - an amulet of reflection
 k - a ring of protection from cold
 m - a ring of ice
 o - an amulet of regeneration
Wands
 c - a wand of flame (9)
 f - a wand of roots (7)
 r - a wand of mindburst (15)
 x - a wand of light (8)
Scrolls
 e - 2 scrolls of poison
 n - 3 scrolls of teleportation
 s - a scroll of immolation
 w - a scroll of blinking
Potions
 q - 2 potions of magic
 z - a potion of curing {unknown}


   Skills:
 + Level 0.7 Fighting
 + Level 2.4 Axes
 + Level 2.8 Dodging
 + Level 2.8 Stealth
 + Level 7.3 Spellcasting
 + Level 4.0 Conjurations
 + Level 1.0 Hexes
 + Level 7.8 Fire Magic


You had one spell level left.
You knew the following spells:

 Your Spells              Type           Power      Damage    Failure   Level
a - Foxfire               Conj/Fire      100%       2x1d9     1%          1
b - Scorch                Fire           100%       2d9       1%          2
c - Inner Flame           Hex/Fire       34%        N/A       2%          3
d - Flame Wave            Conj/Fire      43%        2d11      4%          4
e - Maxwell's Portable P  Tloc           6%         2d(5-15)  19%         3
f - Blink                 Tloc           12%        N/A       9%          2
g - Starburst             Conj/Fire      21%        6d7       63%         6

Your spell library contained the following spells:

 Spells                   Type           Power      Damage    Failure   Level
 Magic Dart               Conj           84%        1d7       1%          1
 Sting                    Conj/Alch      56%        1d6       2%          1
 Apportation              Tloc           12%        N/A       5%          1
 Necrotise                Necr           24%        1d5       5%          1
 Summon Small Mammal      Summ           24%        N/A       5%          1
 Volatile Blastmotes      Fire/Tloc      62%        2d15      3%          3
 Ensorcelled Hibernation  Hex/Ice        16%        N/A       7%          2
 Call Imp                 Summ           12%        N/A       9%          2
 Lesser Beckoning         Tloc           12%        N/A       9%          2
 Passwall                 Erth           6%         N/A       19%         3
 Swiftness                Air            6%         N/A       19%         3
 Teleport Other           Tloc           6%         N/A       19%         3
 Passage of Golubria      Tloc           6%         N/A       52%         4
 Silence                  Hex/Air        4%         N/A       80%         5
 Plasma Beam              Fire/Air       15%        2x1d27    89%         6
 Lehudib's Crystal Spear  Conj/Erth      7%         10d3      100%        8


Dungeon Overview and Level Annotations

Branches:
Dungeon (7/15)             Temple (1/1) D:6

Altars:
Ashenzari
Cheibriados
Dithmenos
Elyvilon
Fedhas
Gozag
Hepliaklqana
Kikubaaqudgha
Nemelex Xobeh
Okawaru
Qazlal
Ru
Trog
Vehumet
Wu Jian
Xom
Zin
The Shining One

Shops:
D:6 [


Innate Abilities, Weirdness & Mutations

You can breathe corrosive fumes.
Your golden yellow scales are hard. (AC +7)
You cannot fit into any form of body armour.
You are cold-blooded and may be slowed by cold attacks.
You are resistant to acid. (rCorr)
Your tail ends in a venomous barb.
Your spells are a little easier to cast, but a little less powerful.


Message History

The stone arrow misses you.
A sleepcap comes into view.
An orc comes into view. It is wielding a +0 mace.
A wave of flame ripples out!
The flame wave engulfs the gargoyle.
The gargoyle is lightly damaged.
An ufetubus comes into view.
A wave of flame ripples out!
The flame wave engulfs the gargoyle.
The gargoyle is moderately damaged.
The flame wave engulfs the iguana!
You kill the iguana!
Vehumet accepts your kill.
You finish channelling waves of flame.
The gargoyle hurls a stone arrow at you.
The stone arrow hits you!!
An orc priest comes into view. It is wielding a +0 short sword.
Casting: Flame Wave (dangerous; 4% risk of failure)
Confirm with . or Enter, or press ? or * to list all spells.
You miscast Blink.
You are very lightly contaminated with residual magic.
Nothing appears to happen.
The gargoyle hurls a stone arrow at you.
The stone arrow hits you!!
The orc priest casts a cantrip, but nothing happens.
Casting: Blink (safe; 9% risk of failure)
Confirm with . or Enter, or press ? or * to list all spells.
You blink.
Found 4 gold pieces.
Casting: Blink (safe; 9% risk of failure)
Confirm with . or Enter, or press ? or * to list all spells.
Casting: Starburst (extremely dangerous; 63% risk of failure)
Press: ? - help, Dir - look around, f - activate
Okay, then.
Aiming: Caustic Breath
Press: ? - help, Shift-Dir - straight line, f - gargoyle
Aim: a gargoyle, wielding a +0 mace (lightly damaged, 95% to hit)
You breathe a spray of caustic vapour.
The acid spray hits the gargoyle but does no damage.
The gargoyle is lightly damaged.
The gargoyle hurls a stone arrow at you.
The stone arrow hits you!!
You die...

#...... .......... ...
...#..###.[.#...... ..#
..#.....##......... ..#
............. ....#..##
...........#. #...#...##
.........#.#..#......$.#
..............5.........
.........##...§§@.......
.)....##..##9§##........
......#...§5# ###......
.....####...5# ......
#....# #...†.# .....
#.>..# ......f.. .....
......###.o...#... ....
.......##.....# .. ....
.#####........# .


You could see a gargoyle and 2 ufetubi.

Vanquished Creatures
  The ghost of porpoise the Shooter, a novice HuHu (D:4)
  2 ice beasts (D:6)
  An ogre (D:7)
  2 centaurs
  Blork the orc (D:4)
  A gnoll sergeant (D:5)
  3 scorpions
  A wyvern zombie (D:4)
  2 bombardier beetles
  A centaur zombie (D:4)
  3 gnoll boudas
  2 jellies
  3 orc priests (D:6)
  Crazy Yiuf (D:6)
  2 hounds
  2 sleepcaps (D:5)
  5 iguanas
  Ijyb (D:3)
  8 orc wizards
  A mummy (D:4)
  Robin (D:4)
  21 gnolls
  A howler monkey skeleton (D:4)
  3 adders
  4 ufetubi
  A dart slug (D:5)
  19 orcs
  3 ball pythons
  4 endoplasms
  2 giant cockroaches
  14 goblins
  3 hobgoblins
  3 jackals (D:4)
  3 quokkas
  A bat (D:3)
  2 frilled lizards
  8 kobolds
  5 rats
141 creatures vanquished.

Vanquished Creatures (others)
  2 orc wizards (D:4)
  297 foxfires
299 creatures vanquished.

Grand Total: 440 creatures vanquished

Notes
Turn   | Place    | Note
-------+----------+-------------------------------------------
     0 | D:1      | EvilWizard678 the Draconian Fire Elementalist began the
                  | quest for the Orb.
     0 | D:1      | Reached XP level 1. HP: 14/14 MP: 3/3
   185 | D:1      | Found a faded altar of an unknown god.
   277 | D:1      | Reached XP level 2. HP: 20/20 MP: 3/5
   921 | D:2      | Learned a level 2 spell: Scorch
   946 | D:2      | Reached XP level 3. HP: 26/26 MP: 4/6
  1172 | D:2      | Learned a level 3 spell: Inner Flame
  1491 | D:3      | Noticed Ijyb
  1495 | D:3      | Killed Ijyb
  1594 | D:3      | Reached XP level 4. HP: 33/33 MP: 6/8
  1641 | D:3      | Noticed a scorpion
  1653 | D:3      | Killed a scorpion
  1736 | D:3      | Reached XP level 5. HP: 38/38 MP: 4/9
  2027 | D:4      | Reached skill level 1 in Hexes
  2032 | D:4      | Reached XP level 6. HP: 44/45 MP: 1/11
  2049 | D:4      | Reached skill level 1 in Axes
  2068 | D:4      | Learned a level 4 spell: Flame Wave
  2158 | D:4      | Noticed Blork the orc
  2164 | D:4      | Killed Blork the orc
  2166 | D:4      | Reached skill level 5 in Fire Magic
  2299 | D:4      | Noticed Robin
  2303 | D:4      | Killed Robin
  2582 | D:4      | Found a transporter.
  2584 | D:4      | Noticed porpoise's ghost (novice HuHu)
  2587 | D:4      | Found a transporter.
  2824 | D:4      | Your scales start taking on a golden yellow colour.
  2824 | D:4      | Reached XP level 7. HP: 51/51 MP: 5/13
  2824 | D:4      | Gained mutation: You are resistant to acid. (rCorr) [Yellow
                  | Draconian growth]
  2827 | D:4      | Killed porpoise's ghost
  2828 | D:4      | Reached skill level 5 in Spellcasting
  2840 | D:4      | Learned a level 3 spell: Maxwell's Portable Piledriver
  2977 | D:5      | Entered Level 5 of the Dungeon
  3090 | D:5      | Reached XP level 8. HP: 58/58 MP: 10/15
  3115 | D:5      | Learned a level 2 spell: Blink
  3187 | D:5      | Found a shimmering altar of Xom.
  3216 | D:5      | Found a bloodstained altar of Trog.
  3216 | D:5      | Found an ornate altar of the Wu Jian Council.
  3614 | D:5      | Found the +5 woodcutter's axe
  3821 | D:6      | Gained mutation: Your spells are a little easier to cast,
                  | but a little less powerful. [potion of mutation]
  3821 | D:6      | Gained mutation: You are occasionally teleported next to
                  | monsters. [potion of mutation]
  3821 | D:6      | Gained mutation: Your muscles are strong. (Str +4, Int/Dex
                  | -1) [potion of mutation]
  3822 | D:6      | Lost mutation: Your muscles are strong. (Str +4, Int/Dex
                  | -1) [potion of mutation]
  3822 | D:6      | Lost mutation: You are occasionally teleported next to
                  | monsters. [potion of mutation]
  3822 | D:6      | Gained mutation: Your tail ends in a venomous barb. [potion
                  | of mutation]
  3827 | D:6      | Found a staircase to the Ecumenical Temple.
  3832 | Temple   | Entered the Ecumenical Temple
  3861 | Temple   | Became a worshipper of Vehumet
  3940 | D:6      | Found a runed translucent door.
  3941 | D:6      | Noticed Crazy Yiuf
  3972 | D:6      | Killed Crazy Yiuf
  4035 | D:6      | Found a blossoming altar of Fedhas.
  4301 | D:6      | Found Gafryos's Antique Armour Emporium.
  4668 | D:6      | Reached XP level 9. HP: 63/63 MP: 15/19
  4879 | D:7      | Learned a level 6 spell: Starburst
  4922 | D:7      | Noticed a gargoyle
  4933 | D:7      | Killed from afar by a gargoyle

Illustrated notes

Levels and vault maps discovered:
D:1:      nicolae_arrival_somewhat_less_tricky_arrival, layout_rooms,
          shapermc_ecumenical_altar_notcrosses
D:2:      layout_loops_ring
D:3:      layout_rooms, uniq_ijyb
D:4:      layout_loops_ring, gammafunk_ghost_mausoleum,
          minmay_a_box_with_orc_wizards_in_it, uniq_blork_the_orc, uniq_robin
D:5:      layout_rooms, nicolae_overflow_hidden_temple,
          minmay_misc_feat_secret_circle, minivault_14,
          pf_guarded_unrand_woodcutter
D:6:      layout_basic, mainiacjoe_overflow_concentric_impassable,
          minmay_temple_entry_arrows, serial_shops, nicolae_shop_dealshenge,
          uniq_crazy_yiuf_cottage
D:7:      layout_cave_pools, palyth_stone_intersect
Temple:   nicolae_temple_superstar

Skill      XL: |  1  2  3  4  5  6  7  8 |
---------------+-------------------------+-----
Dodging        | 2 |  2.8
Stealth        | 2 |  2.8
Spellcasting   | 3 4 5 7 |  7.3
Conjurations   | 2 4 |  4.0
Fire Magic     | 4 5 6 7 |  7.8
Hexes          | 1 |  1.0
Axes           | 1 2 |  2.4
Fighting       | |  0.7

Action                     |  1- 3 |  4- 6 |  7- 9 || total
---------------------------+-------+-------+-------++-------
  Melee: Short sword       |     1 |       |       ||     1
         Tailslap          |     1 |     3 |     1 ||     5
         Dagger            |     1 |       |       ||     1
         Broad axe         |       |    36 |     7 ||    43
   Cast: Foxfire           |    53 |    39 |    89 ||   181
         Inner Flame       |     2 |     4 |     2 ||     8
         Scorch            |     1 |    30 |    42 ||    73
         Flame Wave        |       |       |     3 ||     3
         Blink             |       |       |     2 ||     2
Ability: Caustic Breath    |       |       |     3 ||     3
    Use: Scroll            |     4 |     4 |     7 ||    15
         Potion            |       |     2 |     3 ||     5
 Armour: Skin              |     4 |    44 |    20 ||    68
  Dodge: Dodged            |     3 |    77 |    23 ||   103

Table legend: (Time is in decaauts)
 A = Elapsed time spent in this place.
 B = Non-inter-level travel time spent in this place.
 C = Inter-level travel time spent in this place.
 D = Time resting spent in this place.
 E = Time spent auto-exploring this place.
 F = Levels seen in this place.
 G = Mean time per level.
                   A        B        C        D        E       F      G
               +--------+--------+--------+--------+--------+-----+--------+
         Total |   4952 |   4689 |    263 |    249 |   3619 |   8 |  619.0 |
       Dungeon |   4894 |   4686 |    208 |    249 |   3619 |   7 |  699.1 |
        Temple |     57 |      2 |     55 |      0 |      0 |   1 |   57.0 |
               +--------+--------+--------+--------+--------+-----+--------+

Top non-repeatable levels by time:
     D:4: 1005 daAuts
     D:6: 946 daAuts
     D:1: 847 daAuts
     D:5: 749 daAuts
     D:2: 636 daAuts
     D:3: 504 daAuts
     D:7: 204 daAuts
  Temple: 57 daAuts
